 Dungeon Crawl Stone Soup version 0.31-a0-187-gba352fbbf7 (webtiles) character file.

Game seed: 11095255813313873450

413 qw the Skirmisher (level 6, -1/35 HPs)
             Began as a Deep Elf Hunter on June 22, 2023.
             Slain by an iguana (12 damage)
             ... on level 4 of the Dungeon.
             The game lasted 00:00:41 (2161 turns).

qw the Skirmisher (Deep Elf Hunter)                 Turns: 2161, Time: 00:00:42

Health: -1/35      AC:  7    Str: 10    XL:     6   Next: 59%
Magic:  8/8        EV: 11    Int: 14    God:
Gold:   192        SH:  0    Dex: 21    Spells: 5/5 levels left

rFire   + . .        Y - +1 shortbow
rCold   . . .        (shield currently unavailable)
rNeg    . . .        i - +0 ring mail
rPois   .            (no helmet)
rElec   .            j - +0 cloak of Vampiric Thralls {Regen+ Dex+3 SInv}
rCorr   .            c - +0 pair of gloves
SInv    +            (no boots)
Will    .....        f - amulet of faith
Stlth   +            a - ring of protection from fire
HPRegen 1.05/turn    (no ring)
MPRegen 0.11/turn

%: faith
@: lethally poisoned (-1 -> -2)
A: no striking features
a: no special abilities


You were on level 4 of the Dungeon.
You visited 1 branch of the dungeon, and saw 4 of its levels.

You collected 216 gold pieces.
You spent 24 gold pieces at shops.


   Skills:
 - Level 2.0 Fighting
 + Level 9.4 Ranged Weapons
 - Level 2.0 Armour
 - Level 3.0 Dodging
 - Level 1.2 Stealth


You had 5 spell levels left.
You didn't know any spells.
Your spell library was empty.

Inventory:

Hand Weapons
 Y - a +1 shortbow (weapon)
Armour
 c - a +0 pair of gloves (worn)
 i - a +0 ring mail (worn)
 j - the +0 cloak of Vampiric Thralls (worn) {Regen+ Dex+3 SInv}
   (You found it on level 2 of the Dungeon)

   Dex:       It affects your dexterity (+3).
   SInv:      It lets you see invisible.
   Regen:     It increases your rate of health regeneration.
Jewellery
 a - a ring of protection from fire (left hand)
 f - an amulet of faith (around neck)
Scrolls
 d - 4 scrolls of identify
Potions
 e - a potion of mutation

Dungeon Overview and Level Annotations

Branches:
Dungeon (4/15)
 Temple: D:4-7

Altars:
Trog
Wu Jian

Shops:
D:1 *

Annotations:
D:3 1 runed translucent door, Crazy Yiuf


Message History

You shoot an arrow. The arrow barely misses the scorpion.
The scorpion barely misses you. The iguana closely misses you.
You shoot an arrow.
The arrow hits the scorpion but does no damage.
The scorpion is moderately wounded.
The scorpion stings you but does no damage.
The iguana barely misses you. The scorpion closely misses you.
You shoot an arrow. The arrow hits the scorpion.
The scorpion is heavily wounded.
The iguana closely misses you. The scorpion barely misses you.
You shoot an arrow.
The arrow completely misses the scorpion.
The iguana bites you but does no damage.
The scorpion closely misses you.
You shoot an arrow. The arrow hits the scorpion.
The scorpion is heavily wounded.
The scorpion stings you but does no damage.
The iguana bites you! The scorpion stings you.
You are poisoned.
The scorpion poisons you! The iguana barely misses you.
You shoot an arrow. The arrow hits the scorpion.
The scorpion is severely wounded.
You feel sick. The scorpion misses you.
The iguana bites you but does no damage.
You shoot an arrow. The arrow closely misses the scorpion.
You feel sick. The scorpion stings you. The iguana bites you!
You shoot an arrow. The arrow hits the scorpion.
The scorpion is almost dead.
You feel sick. The scorpion barely misses you.
The iguana bites you but does no damage.
The scorpion closely misses you.
You shoot an arrow.
The arrow completely misses the scorpion.
You feel sick.
The scorpion stings you but does no damage.
The iguana bites you but does no damage.
You shoot an arrow. The arrow hits the scorpion.
You kill the scorpion!
You feel sick. The iguana bites you!
You die...

#......###.##
#......###.##
#......#.....
#..#####.#.##
#............ ####
#..........## #...
#.....###>.#
####...#####.....#
#.##
......l@.........# #.#
####...######%...###.#
#..% ##........# #...
#.........# #...
#.........# ....
#.........# .....
###.......# ......
#..<....# #.......#


You could see an iguana.

Vanquished Creatures
  Sigmund (D:3)
  A water moccasin (D:4)
  A scorpion (D:4)
  Jessica (D:3)
  Natasha (D:4)
  A gnoll (D:1)
  4 adders
  A worm (D:3)
  3 dart slugs
  6 orcs (D:3)
  3 ball pythons
  A bat (D:3)
  4 endoplasms
  3 hobgoblins
  7 kobolds
  A quokka (D:2)
  4 frilled lizards
  6 rats
49 creatures vanquished.

Notes
Turn   | Place    | Note
-------+----------+-------------------------------------------
     0 | D:1      | qw the Deep Elf Hunter began the quest for the Orb.
     0 | D:1      | Reached XP level 1. HP: 12/12 MP: 3/3
     0 | D:1      | 0 ||| qw: Version: 0.3-a-9-g12657ce
     0 | D:1      | 0 ||| qw: Game counter: 2318
     0 | D:1      | 0 ||| qw: Always use a shield: true
     0 | D:1      | 0 ||| qw: God list: Okawaru
     0 | D:1      | 0 ||| qw: Allow faded altars: false
     0 | D:1      | 0 ||| qw: Do Orc after D:15 true
     0 | D:1      | 0 ||| qw: Do second Lair branch before Depths: true
     0 | D:1      | 0 ||| qw: Lair rune preference: random
     0 | D:1      | 0 ||| qw: Plans: Normal
     0 | D:1      | 0 ||| PLANNING D:1-11
   210 | D:1      | Reached skill level 6 in Ranged Weapons
   210 | D:1      | Reached XP level 2. HP: 16/16 MP: 4/4
   490 | D:1      | Found Impujifa's General Store.
   497 | D:1      | 497 ||| SHOPLISTING +0 pair of gloves (54 gold, have 35).
   497 | D:1      | 497 ||| BUYING scroll of identify (24 gold).
   497 | D:1      | Bought a scroll of identify for 24 gold pieces
   713 | D:1      | 713 ||| UPGRADING to amulet of faith.
   718 | D:1      | 718 ||| READING scroll labelled POYLOL JENAM.
   719 | D:1      | 719 ||| READING scroll labelled SOSEET BUHYSCH.
   720 | D:1      | 720 ||| READING 3 scrolls of identify.
   720 | D:1      | 720 ||| IDENTIFYING red potion
   721 | D:1      | 721 ||| DROPPING scroll of butterflies.
   722 | D:1      | 722 ||| DROPPING potion of attraction.
   797 | D:2      | Reached XP level 3. HP: 20/20 MP: 5/5
  1067 | D:2      | Found a faded altar of an unknown god.
  1239 | D:2      | Identified the +0 cloak of Vampiric Thralls {Regen+ Dex+3
                  | SInv}
  1279 | D:2      | 1279 ||| UPGRADING to +0 cloak.
  1284 | D:2      | 1284 ||| UPGRADING to +0 ring mail.
  1294 | D:2      | 1294 ||| DROPPING +0 leather armour.
  1295 | D:2      | 1295 ||| UPGRADING to +0 cloak of Vampiric Thralls {Regen+
                  | Dex+3 SInv}.
  1305 | D:2      | 1305 ||| DROPPING +0 cloak.
  1306 | D:2      | 1306 ||| READING scroll labelled RUMUW JEUWAC.
  1307 | D:2      | 1307 ||| DRINKING 2 purple potions.
  1308 | D:2      | 1308 ||| READING 5 scrolls of identify.
  1308 | D:2      | 1308 ||| IDENTIFYING orange potion
  1309 | D:2      | 1309 ||| READING 4 scrolls of identify.
  1309 | D:2      | 1309 ||| IDENTIFYING cyan potion
  1310 | D:2      | 1310 ||| DROPPING potion of degeneration.
  1427 | D:3      | Reached skill level 7 in Ranged Weapons
  1479 | D:3      | Noticed Sigmund
  1488 | D:3      | 1488 ||| DRINKING potion of curing.
  1488 | D:3      | 1488 ||| (to cure confusion)
  1489 | D:3      | Killed Sigmund
  1490 | D:3      | Reached skill level 9 in Ranged Weapons
  1490 | D:3      | Reached XP level 4. HP: 25/25 MP: 6/6
  1490 | D:3      | Reached XP level 5. HP: 29/29 MP: 7/7
  1523 | D:3      | Noticed Jessica
  1526 | D:3      | Killed Jessica
  1677 | D:3      | Found an ornate altar of the Wu Jian Council.
  1686 | D:3      | Found a bloodstained altar of Trog.
  1983 | D:3      | Found a runed translucent door.
  1984 | D:3      | Noticed Crazy Yiuf
  1987 | D:3      | 1987 ||| UPGRADING to +0 pair of gloves.
  1992 | D:3      | 1992 ||| UPGRADING to ring of protection from fire.
  1993 | D:3      | 1993 ||| READING 5 scrolls of identify.
  1993 | D:3      | 1993 ||| IDENTIFYING pink potion
  1994 | D:3      | 1994 ||| DROPPING potion of berserk rage.
  2063 | D:4      | Reached XP level 6. HP: 35/35 MP: 8/8
  2127 | D:4      | Reached skill level 3 in Dodging
  2129 | D:4      | Noticed a water moccasin
  2133 | D:4      | Killed a water moccasin
  2142 | D:4      | Noticed Natasha
  2144 | D:4      | Killed Natasha
  2161 | D:4      | Slain by an iguana

Levels and vault maps discovered:
D:1:      shiori_arrival_elements, layout_loops_ring, serial_shops,
          nicolae_shop_tiny_waterfront
D:2:      layout_rooms, shapermc_ecumenical_altar_ellora
D:3:      layout_loops_ring, mainiacjoe_overflow_large_starburst, uniq_sigmund,
          uniq_crazy_yiuf_cottage, uniq_jessica
D:4:      wad_lake_hut, layout_basic, uniq_grinder, uniq_natasha

Skill      XL: |  1  2  3  4  5  6 |
---------------+-------------------+-----
Ranged Weapons | 6 9 |  9.4
Fighting       | 2 |  2.0
Dodging        | 3 |  3.0
Armour         | 2 |  2.0
Stealth        | |  1.2

Action                     |  1- 3 |  4- 6 || total
---------------------------+-------+-------++-------
   Fire: Shortbow          |    82 |    53 ||   135
    Use: Scroll            |     6 |     1 ||     7
         Potion            |     2 |       ||     2
 Armour: Leather armour    |     4 |       ||     4
         Ring mail         |     2 |    10 ||    12
  Dodge: Dodged            |    22 |    16 ||    38

Table legend:
 A = Non-vault XP
 B = Vault XP
 C = Vault XP percentage of total XP
 D = Non-vault monster count
 E = Vault monster count
 F = Vault count percentage of total count
                 A         B        C        D         E       F
            +---------+---------+-------+---------+---------+-------
      Total |     382 |     296 |  43.7 |      46 |       3 |   6.1
            +---------+---------+-------+---------+---------+-------
        D:1 |      31 |       0 |   0.0 |      13 |       0 |   0.0
        D:2 |      29 |       0 |   0.0 |      11 |       0 |   0.0
        D:3 |      53 |     260 |  83.1 |      17 |       2 |  10.5
        D:4 |     269 |      36 |  11.8 |       5 |       1 |  16.7
            +---------+---------+-------+---------+---------+-------
